 Dungeon Sprint DCSS version 0.27.1-33-g824d729ab1 (webtiles) character file.

Game seed: 11861074683384218909

991 Adenis the Imperceptible (level 7, -11/46 HPs)
             Began as a Vampire Enchanter on Dec 4, 2021.
             Was an Initiate of Dithmenos.
             Mangled by a deep troll (12 damage)
             ... in the Dungeon (Sprint I: "Red Sonja").
             The game lasted 00:04:11 (482 turns).

Adenis the Imperceptible (Vampire Enchanter)         Turns: 482, Time: 00:04:12

Health: -11/46     AC:  2    Str:  7    XL:     7   Next: 98%
Magic:  10/13      EV: 12    Int: 17    God:    Dithmenos [......]
Gold:   473        SH:  0    Dex: 17    Spells: 10/14 levels left

rFire    . . .     SeeInvis +   a - +1 dagger
rCold    . . .     Faith    .   (no shield)
rNeg     . . .     Spirit   .   b - +0 robe
rPois    .         Reflect  .   (no helmet)
rElec    .         Harm     .   (no cloak)
rCorr    .         Rampage  .   (no gloves)
Will     .....     NoTele   +   (no boots)
Stlth    ++++++++..             m - amulet of the acrobat
HPRegen  0.35/turn              (no ring)
MPRegen  0.13/turn              (no ring)

@: confusing by touch, healing quickly
A: alive, fangs 3, see invisible, vampiric 2
a: Exsanguinate, Renounce Religion


You were in the Dungeon.
You worshipped Dithmenos.
Dithmenos was noncommittal.
You visited 1 branch You collected 473 gold pieces.

Inventory:

Hand Weapons
 a - a +1 dagger (weapon)
 i - a +0 dagger of distortion
Missiles
 j - 2 curare-tipped darts
Armour
 b - a +0 robe (worn)
Jewellery
 m - an amulet of the acrobat (around neck)
Scrolls
 g - a scroll of identify {unknown}
 h - a scroll of blinking
Potions
 c - 3 potions of curing
 d - a potion of heal wounds
 e - a potion of haste
 f - a potion of magic
 k - a potion of resistance {unknown}
 l - a potion of lignification {unknown}


   Skills:
 - Level 1.1 Short Blades
 - Level 2.1 Dodging
 * Level 21.9 Stealth
 + Level 4.2 Spellcasting
 + Level 9.3 Hexes


You had 10 spell levels left.
You knew the following spells:

 Your Spells              Type           Power      Damage    Failure   Level
a - Corona                Hex            38%        N/A       1%          1
b - Confusing Touch       Hex            35%        N/A       1%          3

Your spell library contained the following spells:

 Spells                   Type           Power      Damage    Failure   Level
 Tukima's Dance           Hex            35%        N/A       1%          3
 Ensorcelled Hibernation  Hex/Ice        38%        N/A       3%          2
 Dazzling Flash           Conj/Hex       38%        N/A       7%          3


Dungeon Overview and Level Annotations

Branches:
Dungeon (1/1)

Altars:
Cheibriados
Dithmenos
Elyvilon
Fedhas
Gozag
Hepliaklqana
Kikubaaqudgha
Nemelex Xobeh
Okawaru
Qazlal
Ru
Sif Muna
Trog
Uskayaw
Vehumet
Wu Jian
Yredelemnul
Zin
The Shining One

Shops:
D !


Innate Abilities, Weirdness & Mutations

Your natural rate of healing is accelerated.
You have razor-sharp teeth.
You have supernaturally acute eyesight. (SInv)
You are afflicted with vampirism and can become a bat while bloodless.


Message History

Found 54 gold pieces.
The ballistomycete spore explodes!
The explosion of spores engulfs you.
You are more confused.
You now have 311 gold pieces (gained 27).
You're too confused to move!
You bump into the stone wall.
You feel less confused.
k - a purple potion
l - a bubbling brown potion
c - 2 potions of curing (gained 1)
c - 3 potions of curing (gained 1)
m - an amulet of the acrobat You now have 338 gold pieces (gained 27).
You now have 365 gold pieces (gained 27).
You now have 392 gold pieces (gained 27).
Okay, then.
You start putting on your amulet.
You continue putting on your amulet of the acrobat. x5
You finish putting on your amulet of the acrobat.
You feel ready to tumble and roll out of harm's way.
m - an amulet of the acrobat (around neck)
You now have 419 gold pieces (gained 27).
You now have 446 gold pieces (gained 27).
You now have 473 gold pieces (gained 27).
There is an open door here.
You open the door.
A deep troll comes into view.
The deep troll shouts!
Found 108 gold pieces.
There is an open door here.
Casting: Confusing Touch (safe; 1% risk of failure)
Confirm with . or Enter, or press ? or * to list all spells.
Your hands begin to glow red.
The deep troll bites you! The deep troll claws you.
The deep troll closely misses you.
You barely miss the deep troll. The deep troll bites you!!
Ouch! That really hurt!
* * * LOW HITPOINT WARNING * * *
The deep troll claws you!
You die...

#..#####'#####'#
#..####..# #.#
#..#__#### ##.#
#..#_____##+#_.+
#⌠⌠#_.∩..†'..._#
####_..__##_.#+#
#_____###'#
#########.####+###
+...@T$.$$+
#...#######
###.### #.#'#.#
#.....# #.....#
#######


You could see a deep troll.

Vanquished Creatures
  Sonja (D)
  Sigmund (D)
  A yak (D)
  An ogre (D)
  A jelly (D)
  Ijyb (D)
6 creatures vanquished.

Vanquished Creatures (others)
  2 ballistomycete spores (D)
2 creatures vanquished.

Grand Total: 8 creatures vanquished

Notes
Turn   | Place    | Note
-------+----------+-------------------------------------------
     0 | D        | Adenis the Vampire Enchanter began the quest for the Orb.
     0 | D        | Reached XP level 1. HP: 13/13 MP: 3/3
     2 | D        | Noticed Ijyb
    14 | D        | Killed Ijyb
    15 | D        | Reached skill level 10 in Stealth
    15 | D        | Reached XP level 2. HP: 4/19 MP: 5/5
   173 | D        | Noticed an ogre
   176 | D        | Killed an ogre
   177 | D        | Reached skill level 14 in Stealth
   177 | D        | Gained mutation: You are afflicted with vampirism and can
                  | become a bat while bloodless. [Vampire growth]
   177 | D        | Reached XP level 3. HP: 24/24 MP: 6/6
   177 | D        | Reached XP level 4. HP: 30/30 MP: 7/7
   181 | D        | Learned a level 3 spell: Confusing Touch
   192 | D        | Noticed Sigmund
   207 | D        | Killed Sigmund
   208 | D        | Reached skill level 17 in Stealth
   208 | D        | Reached XP level 5. HP: 22/35 MP: 2/8
   373 | D        | Found an ornate altar of the Wu Jian Council.
   373 | D        | Found a shimmering blue altar of Sif Muna.
   375 | D        | Found a radiant altar of Vehumet.
   380 | D        | Reached skill level 18 in Stealth
   380 | D        | Reached XP level 6. HP: 41/41 MP: 9/9
   390 | D        | Found Nysaloas's Distillery.
   390 | D        | Found an ancient bone altar of Kikubaaqudgha.
   390 | D        | Found a hazy altar of Hepliaklqana.
   390 | D        | Found a stormy altar of Qazlal.
   390 | D        | Found a hide-covered altar of Uskayaw.
   390 | D        | Found a blossoming altar of Fedhas.
   390 | D        | Found a bloodstained altar of Trog.
   390 | D        | Found an iron altar of Okawaru.
   390 | D        | Found a basalt altar of Yredelemnul.
   390 | D        | Found a snail-covered altar of Cheibriados.
   390 | D        | Found a sacrificial altar of Ru.
   390 | D        | Found a shadowy altar of Dithmenos.
   390 | D        | Noticed a yak
   391 | D        | Found an opulent altar of Gozag.
   392 | D        | Killed a yak
   393 | D        | Reached skill level 19 in Stealth
   393 | D        | Found a sparkling altar of Nemelex Xobeh.
   401 | D        | Became a worshipper of Dithmenos the Shadowed
   413 | D        | Noticed Sonja
   417 | D        | Killed Sonja
   418 | D        | Reached skill level 21 in Stealth
   418 | D        | Reached XP level 7. HP: 46/46 MP: 10/13
   479 | D        | Noticed a deep troll
   482 | D        | HP: 1/46 [deep troll (23)]
   482 | D        | Mangled by a deep troll

Illustrated notes

Levels and vault maps discovered:
D:        dungeon_sprint_1 [red_sonja_temple_1, red_sonja_temple_small_1]

Skill      XL: |  1  2  3  4  5  6 |
---------------+-------------------+-----
Stealth        | 10 14 17 18 21 | 21.9
Hexes          | 9 |  9.3
Spellcasting   | 4 |  4.2
Short Blades   | |  1.1
Dodging        | |  2.1

Action                   |  1- 3 |  4- 6 |  7- 9 || total
-------------------------+-------+-------+-------++-------
Melee: Dagger            |    10 |    11 |     1 ||    22
       Bite              |       |     2 |       ||     2
 Cast: Confusing Touch   |       |     1 |     1 ||     2
  Use: Potion            |     1 |     1 |       ||     2
 Stab: Sleeping          |     2 |     3 |       ||     5
       Confused          |       |     2 |       ||     2
Armor: Robe              |     1 |       |       ||     1
Dodge: Dodged            |     1 |     4 |     1 ||     6
